 Dungeon Crawl Stone Soup version 0.30.0-11-gf55b779eaf (webtiles) character file.

Game seed: 17951245450006400064

98 wingedge the Sneak (level 4, -1/31 HPs)
             Began as an Octopode Wanderer on May 16, 2023.
             Slain by a fire bat (2 damage)
             ... on level 2 of the Dungeon.
             The game lasted 00:16:30 (1399 turns).

wingedge the Sneak (Octopode Wanderer)              Turns: 1399, Time: 00:16:30

Health: -1/31      AC:  1    Str: 12    XL:     4   Next: 71%
Magic:  4/4        EV: 12    Int: 15    God:
Gold:   112        SH:  0    Dex: 11    Spells: 3/3 levels left

rFire   . . .        a - +1 dagger (venom)
rCold   . . .        (no shield)
rNeg    . . .        (helmet restricted)
rPois   .            (no amulet)
rElec   .            (no ring)
rCorr   .            (no ring)
SInv    .            (no ring)
Will    .....        (no ring)
Stlth   ++++         (no ring)
HPRegen 0.25/turn    (no ring)
MPRegen 0.09/turn    (no ring)
                     (no ring)

%: no passive effects
@: no status effects
A: almost no armour, amphibious, 8 rings, camouflage 1, gelatinous body 1,
(nimble swimmer 1), tentacles
a: no special abilities


You were on level 2 of the Dungeon.
You visited 1 branch of the dungeon, and saw 2 of its levels.

You collected 112 gold pieces.

Inventory:

Hand Weapons
 a - a +1 dagger of venom (weapon)
 b - a +2 spectral club
 f - a +0 dagger
 i - a +0 spear
 s - a +0 war axe
Missiles
 c - a datura-tipped dart
 d - 2 atropa-tipped darts
 g - 17 stones
 l - 6 poisoned darts (quivered)
Wands
 e - a wand of polymorph (4)
 q - a wand of roots (4)
Scrolls
 h - 2 scrolls of fog {unknown}
 m - a scroll of vulnerability {unknown}
 n - a scroll of immolation {unknown}
 o - a scroll of torment {unknown}
 p - a scroll of poison {unknown}
 r - a scroll of identify {unknown}
Potions
 j - a potion of degeneration {unknown}
 k - 2 potions of haste {unknown}


   Skills:
 + Level 3.2 Fighting
 - Level 1.0 Polearms
 - Level 1.0 Throwing
 - Level 1.0 Dodging
 - Level 5.0 Stealth
 - Level 4.3 Evocations


You had 3 spell levels left.
You didn't know any spells.
Your spell library was empty.

Dungeon Overview and Level Annotations

Branches:
Dungeon (2/15)

Altars:

Shops:
D:1 =*


Innate Abilities, Weirdness & Mutations

You cannot wear most types of armour.
You are amphibious.
You can wear up to eight rings at the same time.
Your skin changes colour to match your surroundings (Stealth+).
Your rubbery body absorbs attacks. (AC +1, EV +1)
((You are camouflaged when in or above water. (Stealth+)))
You have tentacles for arms and can constrict up to eight enemies at once.


Message History

The gnoll evaporates and reforms as a fire bat!
The fire bat bites you but does no damage.
Press: ? - help, v - describe, . - travel
Here: a fire bat The floor.
Unknown command.
Aiming: Fastroot
Press: ? - help, Shift-Dir - straight line, f/p - fire bat
Aim: a fire bat The roots erupt in riotous growth!
Roots grab the fire bat.
The grasping roots constrict the fire bat.
You hear a shout!
You hear an angry hiss.
You hear a shout!
The fire bat bites you.
You are engulfed in flames!
* * * LOW HITPOINT WARNING * * *
The fire bat struggles to escape constriction.
A gnoll comes into view. It is wielding a +0 spear.
The fire bat escapes!
Aiming: Fastroot
Press: ? - help, Shift-Dir - straight line, f/p - fire bat
Aim: a fire bat (lightly wounded)
The roots erupt in riotous growth!
Roots grab the fire bat.
The grasping roots constrict the fire bat!
The fire bat struggles to escape constriction.
The fire bat escapes!
The fire bat bites you.
* * * LOW HITPOINT WARNING * * *
You are engulfed in flames.
* * * LOW HITPOINT WARNING * * *
Okay, then.
Okay, then.
Aiming: Fastroot
Press: ? - help, Shift-Dir - straight line, f/p - fire bat
Aim: a fire bat (severely wounded)
The roots erupt in riotous growth!
Roots grab the fire bat.
The grasping roots constrict the fire bat.
You hear a shout!
The fire bat bites you.
You die...

........
......##.......#
........#
#..........#
##.........#
###.>.......#
######..#........#
#....#).#........#
#....#..#........#
#.......#........#
#.@.##.##.########
#b####....#
#)#########
#g......#
.g....)........
#.#S#.#######..
... .:. ##.#


You could see a fire bat (rooted) and a gnoll.

Vanquished Creatures
  Robin (D:2)
  A gnoll (D:2)
  2 adders (D:2)
  A worm (D:2)
  A dart slug (D:1)
  3 endoplasms
  2 giant cockroaches (D:1)
  12 goblins
  4 hobgoblins (D:2)
  6 jackals
  4 kobolds
  4 ball pythons
  4 bats
  6 rats
51 creatures vanquished.

Vanquished Creatures (collateral kills)
  A spectral weapon (D:2)
1 creature vanquished.

Grand Total: 52 creatures vanquished

Notes
Turn   | Place    | Note
-------+----------+-------------------------------------------
     0 | D:1      | wingedge the Octopode Wanderer began the quest for the Orb.
     0 | D:1      | wingedge set off with the following items: a +0 dagger, 2
                  | atropa-tipped darts, a datura-tipped dart, a +0 spear, a
                  | wand of polymorph (6), a scroll of butterflies.
     0 | D:1      | Reached XP level 1. HP: 13/13 MP: 1/1
   132 | D:1      | Reached XP level 2. HP: 19/19 MP: 2/2
   219 | D:1      | Found Zaefruoh's Assorted Antiques.
   265 | D:1      | Found a faded altar of an unknown god.
   307 | D:1      | Found Osmijenn's Jewellery Shoppe.
   591 | D:1      | Reached XP level 3. HP: 23/25 MP: 3/3
   852 | D:2      | Noticed Robin
   858 | D:2      | Reached skill level 3 in Stealth
  1071 | D:2      | Killed Robin
  1072 | D:2      | Reached skill level 4 in Stealth
  1114 | D:2      | Reached XP level 4. HP: 24/31 MP: 4/4
  1324 | D:2      | Reached skill level 5 in Stealth
  1396 | D:2      | a gnoll changed into a fire bat
  1396 | D:2      | Noticed a fire bat
  1398 | D:2      | HP: 1/31 [fire bat (6)]
  1399 | D:2      | Slain by a fire bat

Illustrated notes

Levels and vault maps discovered:
D:1:      dpeg_arrival_boxes_within_box, layout_rooms,
          chequers_ecumenical_altar_simple_redux, serial_shops,
          nicolae_lakefront_shop, nicolae_shop_tiny_glass, dk_noncrumbling_2,
          minmay_tetromino_i2
D:2:      layout_basic, uniq_robin

Skill      XL: |  1  2  3  4 |
---------------+-------------+-----
Fighting       | 2 3 |  3.2
Stealth        | 4 5 |  5.0
Polearms       | |  1.0
Throwing       | |  1.0
Dodging        | |  1.0
Evocations     | |  4.3

Action                     |  1- 3 |  4- 6 || total
---------------------------+-------+-------++-------
  Melee: Spear             |     7 |       ||     7
         Constrict         |    21 |     6 ||    27
         Tentacles         |    12 |     3 ||    15
         Dagger            |    59 |    15 ||    74
         Punch             |     1 |       ||     1
         Club              |     6 |     2 ||     8
  Throw: Dart              |    30 |       ||    30
  Evoke: Wand              |       |     5 ||     5
    Use: Scroll            |     1 |       ||     1
   Stab: Sleeping          |     8 |     4 ||    12
 Armour: Skin              |     5 |     1 ||     6
  Dodge: Dodged            |    26 |     6 ||    32
